 Dungeon Crawl Stone Soup version 0.20.0-8-g6b59dc7 (webtiles) character file.

20969 MDvedh the Severer (level 12, 0/121 HPs)
             Began as a Minotaur Chaos Knight on May 31, 2017.
             Slain by a seven-headed hydra (3 damage)
             ... on level 2 of the Lair of Beasts on June 1, 2017.
             The game lasted 00:24:43 (15479 turns).

MDvedh the Severer (Minotaur Chaos Knight)         Turns: 15479, Time: 00:24:44

Health: 0/121      AC: 19    Str: 21    XL:     12   Next: 50%
Magic:  11/11      EV: 12    Int:  9    God:    Xom [......]
Gold:   707        SH:  0    Dex: 11    Spells: 11/11 levels left

rFire    + + .     SeeInvis .   o - +1 war axe (flame)
rCold    . . .     Gourm    .   (no shield)
rNeg     . . .     Faith    .   s - +4 chain mail
rPois    .         Spirit   .   C - +0 hat
rElec    +         Reflect  .   (no cloak)
rCorr    .         Harm     .   (no gloves)
MR       .....     Rnd*Rage +   (no boots)
Stlth    ..........             t - amulet of rage
Regen    0.3/turn               i - ring "Anaolom" {rElec Stlth+}
MPRegen  0.2/turn               r - ring of protection from fire

@: no status effects
A: retaliatory headbutt, horns 2, slimy green scales 1, thin metallic scales 1,
berserk 1, fire resistance 1, robust 1, screaming 1
a: Renounce Religion, Evoke Berserk Rage


You were on level 2 of the Lair of Beasts.
You worshipped Xom.
You were a very special plaything of Xom.
You were not hungry.

You visited 2 branches of the dungeon, and saw 13 of its levels.
You also visited: Ice Cave.

You collected 756 gold pieces.
You spent 49 gold pieces at shops.

Inventory:

Hand Weapons
 o - a +1 war axe of flaming (weapon)
Armour
 s - a +4 chain mail (worn)
 C - a +0 hat (worn)
Jewellery
 h - an uncursed ring of flight
 i - the ring "Anaolom" (left hand) {rElec Stlth+}
   (You found it on level 2 of the Lair of Beasts)

   [ring of stealth]

   It insulates you from electricity.
   It makes you more stealthy.
 m - an uncursed ring of ice
 r - a ring of protection from fire (right hand)
 t - an amulet of rage (around neck)
Wands
 p - a wand of iceblast (6/15)
 q - a wand of disintegration (10/24)
 w - a wand of digging (6/24)
 F - a wand of polymorph (6/24)
 G - a wand of iceblast (5/15)
 J - a wand of confusion (26/48)
Scrolls
 a - 7 scrolls of teleportation
 b - 3 scrolls of fear
 f - 2 scrolls of amnesia
 k - 3 scrolls of remove curse
 u - a scroll of blinking
 A - a scroll of fog
 H - a scroll of magic mapping
Potions
 d - a potion of mutation
 e - a potion of brilliance
 g - 2 potions of lignification
 n - 3 potions of curing
 v - a potion of heal wounds
 z - a potion of resistance
 B - a potion of might
 D - a potion of ambrosia
 E - a potion of flight
 I - a potion of haste
 K - 2 potions of berserk rage {unknown}
Comestibles
 j - 3 royal jellies
 l - 5 meat rations
 x - 8 fruits


   Skills:
 + Level 11.2 Fighting
 - Level 16.0 Axes
 + Level 10.9 Armour
 + Level 10.3 Dodging


You had 11 spell levels left.
You didn't know any spells.

Dungeon Overview and Level Annotations

Branches:
Dungeon (10/15)            Temple (0/1) D:5            Lair (3/6) D:10
 Spider (0/4) Lair:2          Orc (0/2) D:10
  Swamp: Lair:2-4    Shoals: Lair:2-4

Altars:
Ashenzari
Elyvilon
Gozag
Hepliaklqana
Kikubaaqudgha
Makhleb
Okawaru
Uskayaw
Xom
Zin
The Shining One

Shops:
D:4 =

Annotations:
Lair:2 Gorglomux's ghost, journeyman NaWn


Innate Abilities, Weirdness & Mutations

You reflexively headbutt those who attack you in melee.
You have a pair of horns on your head.
You are partially covered in slimy green scales. (AC +2)
You are partially covered in thin metallic scales. (AC +2)
You tend to lose your temper in combat.
Your flesh is heat resistant. (rF+)
You are robust. (+10% HP)
You occasionally shout uncontrollably at your foes.


Message History

* * * LOW HITPOINT WARNING * * *
The seven-headed hydra bites you!
* * * LOW HITPOINT WARNING * * *
The seven-headed hydra bites you but does no damage. x2
The seven-headed hydra bites you.
* * * LOW HITPOINT WARNING * * *
The seven-headed hydra bites you!
* * * LOW HITPOINT WARNING * * *
You climb upwards.
Level annotation: Gorglomux's ghost, journeyman NaWn
There is a stone staircase leading down here.
Unknown command.
Unknown command.
Unknown command.
The seven-headed hydra bites you.
* * * LOW HITPOINT WARNING * * *
The seven-headed hydra bites you but does no damage. x4
The seven-headed hydra bites you.
You die...
Xom howls with laughter!

### ### ###
########.########
#.#####.####..#.P.#..##.##.#
................@Y.....(...#
...............#.D#..P###..#
..#.#...###....###..P###..##
..#####.#.#....###..##P.#..#
.........#.........>....#.##
...#...........##......#..#
..#......##....+......##..##
..##.#P+###....#P...#####..#
...#....##.รท...####.##
#..##


You could see a seven-headed hydra and a yak.

Vanquished Creatures
  Fannar (Lair:3)
  Erolcha (D:9)
  3 two-headed ogres
  The ghost of Britaniac the Thaumaturge, a journeyman DEFE of Vehumet (D:9)
  Pikel (D:8)
  An ugly thing (D:10)
  3 black mambas (Lair:2)
  6 elephants (Lair:3)
  2 spiny frogs
  2 komodo dragons
  2 rime drakes (Lair:3)
  A tengu conjurer (D:8)
  3 trolls
  A polar bear (Lair:2)
  A slime creature (Lair:3)
  2 wolf spider simulacra (IceCv)
  5 blink frogs (Lair:1)
  5 hippogriffs
  A wyvern (D:10)
  10 yaks
  A human (D:10)
  A hungry ghost (D:9)
  A steam dragon (D:10)
  Menkaure (D:5)
  A warg (D:10)
  3 porcupines (Lair:2)
  4 water moccasins
  An ice beast (D:6)
  An orc warrior (D:10)
  2 sky beasts
  3 slaves
  3 black bears
  A phantom (D:8)
  7 ogres
  4 wolves (Lair:1)
  A centaur (D:6)
  4 crocodiles
  A big kobold (D:10)
  8 bullfrogs
  7 scorpions
  2 crimson imps
  3 howler monkeys
  A centaur zombie (D:9)
  7 hounds
  3 jellies
  A bullfrog zombie (D:5)
  A bullfrog skeleton (D:7)
  5 orc priests
  10 orc wizards
  3 iguanas
  Terence (D:2)
  11 worker ants
  A hound zombie (D:7)
  2 hound skeletons (D:4)
  11 adders
  8 river rats (D:5)
  2 shadow imps
  3 oozes
  2 adder skeletons
  5 worms
  7 dart slugs
  11 leopard geckos
  35 orcs
  8 giant cockroaches
  18 goblins
  12 hobgoblins
  16 jackals
  11 quokkas
  2 ball pythons
  8 bats
  3 frilled lizards
  10 kobolds
  27 rats
357 creatures vanquished.

Vanquished Creatures (collateral kills)
  A tengu warrior (D:8)
  A jelly (D:4)
  An orc priest (D:4)
  A worker ant (D:4)
  An orc (D:4)
5 creatures vanquished.

Vanquished Creatures (others)
  An ice beast (D:8)
  A sky beast (D:8)
  A slave (D:8)
  2 fungi (Lair:3)
5 creatures vanquished.

Grand Total: 367 creatures vanquished

Notes
Turn   | Place    | Note
-------+----------+-------------------------------------------
     0 | D:1      | MDvedh the Minotaur Chaos Knight began the quest for the Orb.
     0 | D:1      | Reached XP level 1. HP: 19/19 MP: 0/0
    34 | D:1      | Reached skill level 4 in Axes
   149 | D:1      | Reached XP level 2. HP: 23/26 MP: 1/1
   285 | D:1      | Reached skill level 5 in Axes
   420 | D:1      | XOM: harmless Tmut miscast
   501 | D:1      | Reached XP level 3. HP: 31/31 MP: 2/2
   503 | D:1      | XOM: harmless Pois miscast
   668 | D:1      | XOM: give mutations
   668 | D:1      | Gained mutation: You are partially covered in slimy green scales. (AC +2) [Xom's mischief]
   668 | D:1      | Gained mutation: You have large cloven feet. [Xom's mischief]
   668 | D:1      | Gained mutation: You are weak. (Str -2) [Xom's mischief]
   668 | D:1      | Gained mutation: Scrolls take you a little longer to read. [Xom's mischief]
   984 | D:2      | Reached XP level 4. HP: 39/39 MP: 3/3
   998 | D:2      | Reached skill level 6 in Axes
  1035 | D:2      | XOM: enchant monster (good)
  1162 | D:2      | XOM: harmless Air miscast
  1412 | D:2      | Noticed Terence
  1432 | D:2      | XOM: swap monsters
  1481 | D:2      | XOM: enchant monster (bad)
  1508 | D:2      | XOM: enchant monster (good)
  1699 | D:2      | Killed Terence
  1802 | D:2      | Reached XP level 5. HP: 43/45 MP: 4/4
  1825 | D:2      | XOM: summons friendly white imp
  1878 | D:2      | XOM: god gift: shield {god gift}
  1882 | D:2      | Reached skill level 7 in Axes
  2038 | D:2      | XOM is BORED!
  2038 | D:2      | XOM: give mutations
  2038 | D:2      | Gained mutation: You passively map a small area around you. [Xom's mischief]
  2038 | D:2      | Gained mutation: Scrolls take you longer to read. [Xom's mischief]
  2038 | D:2      | Lost mutation: Scrolls take you longer to read. [Xom's mischief]
  2038 | D:2      | Gained mutation: Scrolls take you longer to read. [Xom's mischief]
  2122 | D:3      | Found a white marble altar of Elyvilon.
  2210 | D:3      | XOM: mild Chrm miscast
  2378 | D:3      | XOM: harmless Conj miscast
  2386 | D:3      | Noticed a black bear
  2400 | D:3      | Killed a black bear
  2400 | D:3      | Reached skill level 8 in Axes
  2784 | D:3      | Reached XP level 6. HP: 51/51 MP: 5/5
  3095 | D:3      | XOM: cloud trail
  3302 | D:3      | Found a glowing golden altar of the Shining One.
  3437 | D:4      | XOM: harmless Summ miscast
  3440 | D:4      | Lost mutation: You are weak. (Str -2) [potion of mutation]
  3440 | D:4      | Gained mutation: You possess an exceptional clarity of mind. [potion of mutation]
  3503 | D:4      | Reached skill level 9 in Axes
  3553 | D:4      | XOM: polymorph worker ant -> jelly
  3557 | D:4      | XOM: butterfly on damage
  3946 | D:4      | Reached XP level 7. HP: 57/57 MP: 6/6
  4015 | D:4      | Found an opulent altar of Gozag.
  4081 | D:4      | XOM: god gift: 4 needles of confusion
  4201 | D:4      | XOM: cast spell 'Statue Form'
  4206 | D:4      | Reached skill level 10 in Axes
  4324 | D:4      | Found Ycu Wauwass's Jewellery Shop.
  4332 | D:4      | Bought a cursed ring of teleportation for 49 gold pieces
  4598 | D:4      | XOM: scenery: create altars
  4610 | D:4      | XOM: silly message
  4764 | D:4      | XOM: mild Tmut miscast
  4838 | D:4      | Reached skill level 11 in Axes
  5032 | D:5      | Entered Level 5 of the Dungeon
  5044 | D:5      | Found an ancient bone altar of Kikubaaqudgha.
  5055 | D:5      | Noticed Menkaure
  5058 | D:5      | Reached XP level 8. HP: 28/64 MP: 7/7
  5065 | D:5      | Killed Menkaure
  5289 | D:5      | XOM: enchant monster (bad)
  5298 | D:5      | Reached skill level 12 in Axes
  5462 | D:5      | Found a staircase to the Ecumenical Temple.
  5480 | D:5      | Found a burning altar of Makhleb.
  5586 | D:5      | Found an opulent altar of Gozag.
  5586 | D:5      | Found a shattered altar of Ashenzari.
  5672 | D:5      | XOM: potion effect (curing)
  6036 | D:6      | Found a hazy altar of Hepliaklqana.
  6125 | D:6      | XOM: butterfly on damage
  6331 | D:6      | XOM: god gift: runed ring mail {god gift}
  6333 | D:6      | XOM: divination: detect creatures
  6421 | D:6      | Reached skill level 13 in Axes
  6457 | D:6      | XOM is BORED!
  6457 | D:6      | XOM: summons 4 hostile demons
  6526 | D:6      | XOM: mild Erth miscast
  6541 | D:6      | XOM: god gift: sack of spiders
  6548 | D:6      | Found a hide-covered altar of Uskayaw.
  6638 | D:6      | XOM: summons 2 friendly demons
  7219 | D:7      | Found a burning altar of Makhleb.
  7238 | D:7      | XOM: summons 1 hostile demon
  7462 | D:7      | Reached XP level 9. HP: 59/70 MP: 8/8
  7541 | D:7      | Reached skill level 14 in Axes
  7619 | D:7      | XOM: harmless Fire miscast
  7624 | D:8      | Noticed Pikel
  7648 | D:8      | XOM: 1-stop teleportation journey
  7814 | D:8      | XOM: scenery: create altars
  7815 | D:8      | XOM: scenery: create altars
  7821 | D:8      | XOM: scenery: create altars
  7825 | D:8      | Killed Pikel
  7825 | D:8      | Reached skill level 15 in Axes
  7886 | D:8      | Noticed a two-headed ogre
  7890 | D:8      | XOM: confuse monster(s)
  7891 | D:8      | Killed a two-headed ogre
  7891 | D:8      | Reached skill level 16 in Axes
  7922 | D:8      | Found an iron altar of Okawaru.
  8011 | D:8      | Found a glowing silver altar of Zin.
  8011 | D:8      | Found a shimmering altar of Xom.
  8012 | D:8      | Noticed an angel
  8122 | D:9      | Noticed a troll
  8122 | D:9      | Noticed a troll
  8124 | D:9      | XOM: fake destruction
  8129 | D:8      | Killed a troll
  8134 | D:9      | Reached XP level 10. HP: 46/78 MP: 9/9
  8214 | D:9      | Noticed Britaniac's ghost (journeyman DEFE)
  8395 | D:9      | XOM: cloud trail
  8622 | D:8      | Reached skill level 5 in Fighting
  8723 | D:9      | Noticed a tengu warrior
  8733 | D:8      | XOM: summons friendly shadow imp
  8739 | D:8      | Reached skill level 5 in Armour
  8941 | D:9      | Noticed a two-headed ogre
  8948 | D:8      | XOM: summons 5 hostile demons
  8951 | D:8      | XOM: swap monsters
  8952 | D:8      | XOM: harmless Necr miscast
  8953 | D:8      | XOM: cleaving
  8960 | D:8      | Killed a tengu warrior
  8960 | D:8      | Reached skill level 5 in Dodging
  9083 | D:8      | XOM: give mutations
  9083 | D:8      | Gained mutation: Your spells are a little harder to cast, but a little more powerful. [Xom's grace]
  9083 | D:8      | Gained mutation: You are robust. (+10% HP) [Xom's grace]
  9083 | D:8      | Gained mutation: You are resistant to hostile enchantments. (MR+) [Xom's grace]
  9083 | D:8      | Gained mutation: Your spells are harder to cast, but more powerful. [Xom's grace]
  9128 | D:8      | Killed a two-headed ogre
  9210 | D:8      | XOM: god gift: 14 gold pieces
  9340 | D:9      | Noticed Erolcha
  9527 | D:9      | XOM: cleaving
  9532 | D:9      | Killed Erolcha
  9532 | D:9      | Reached XP level 11. HP: 89/101 MP: 10/10
  9748 | D:9      | XOM: mild Tloc miscast
  9907 | D:9      | Killed Britaniac's ghost
 10059 | D:9      | XOM: god gift: 67 gold pieces
 10198 | D:10     | Entered Level 10 of the Dungeon
 10240 | D:10     | Found a staircase to the Lair.
 10344 | D:10     | XOM: mild Necr miscast
 10352 | D:10     | XOM: chaos upgrade
 10368 | D:10     | Paralysed by an orc for 5 turns
 10463 | D:10     | XOM: cloud trail
 10489 | D:10     | XOM: give mutations
 10489 | D:10     | Lost mutation: You are resistant to hostile enchantments. (MR+) [Xom's mischief]
 10489 | D:10     | Gained mutation: Your body sometimes deteriorates upon taking damage. [Xom's mischief]
 10489 | D:10     | Lost mutation: Your spells are harder to cast, but more powerful. [Xom's mischief]
 10783 | D:10     | Found a staircase to the Orcish Mines.
 10795 | D:10     | Noticed a two-headed ogre
 10808 | D:10     | XOM: chaos upgrade
 10811 | D:10     | Killed a two-headed ogre
 10829 | D:10     | XOM: stat loss: -1 Str (19/20)
 11056 | D:10     | XOM: enchant monster (bad)
 11142 | D:10     | Lost mutation: You passively map a small area around you. [potion of mutation]
 11142 | D:10     | Lost mutation: Scrolls take you longer to read. [potion of mutation]
 11142 | D:10     | Gained mutation: Your magical capacity is low. (-10% MP) [potion of mutation]
 11142 | D:10     | Gained mutation: Your muscles are strong. (Str +2) [potion of mutation]
 11143 | D:10     | Lost mutation: Scrolls take you a little longer to read. [potion of mutation]
 11143 | D:10     | Lost mutation: Your body sometimes deteriorates upon taking damage. [potion of mutation]
 11143 | D:10     | Lost mutation: Your magical capacity is low. (-10% MP) [potion of mutation]
 11143 | D:10     | Lost mutation: Your muscles are strong. (Str +2) [potion of mutation]
 11143 | D:10     | Lost mutation: You are robust. (+10% HP) [potion of mutation]
 11143 | D:10     | Gained mutation: You do not regenerate when monsters are visible. [potion of mutation]
 11143 | D:10     | Gained mutation: You are agile. (Dex +2) [potion of mutation]
 11144 | D:10     | Lost mutation: You have large cloven feet. [potion of mutation]
 11144 | D:10     | Lost mutation: You do not regenerate when monsters are visible. [potion of mutation]
 11144 | D:10     | Lost mutation: You possess an exceptional clarity of mind. [potion of mutation]
 11144 | D:10     | Lost mutation: You are agile. (Dex +2) [potion of mutation]
 11144 | D:10     | Gained mutation: You are robust. (+10% HP) [potion of mutation]
 11144 | D:10     | Gained mutation: Your flesh is heat resistant. (rF+) [potion of mutation]
 11273 | D:10     | Noticed a red ugly thing
 11284 | D:10     | Killed a red ugly thing
 11502 | Lair:1   | Entered Level 1 of the Lair of Beasts
 11659 | Lair:1   | XOM: swap monsters
 12093 | Lair:1   | XOM: give mutations
 12093 | Lair:1   | Lost mutation: Your spells are a little harder to cast, but a little more powerful. [Xom's mischief]
 12093 | Lair:1   | Gained mutation: You are weak. (Str -2) [Xom's mischief]
 12093 | Lair:1   | Gained mutation: You tend to lose your temper in combat. [Xom's mischief]
 12127 | Lair:1   | XOM: summons 1 hostile shadow creature
 12173 | Lair:1   | XOM: silly message
 12479 | Lair:1   | XOM is BORED!
 12479 | Lair:1   | XOM: noise
 12822 | Lair:2   | Noticed Gorglomux's ghost (journeyman NaWn)
 12831 | Lair:2   | XOM: confuse monster(s)
 12841 | Lair:2   | XOM: scenery: 1 doors open
 12842 | Lair:2   | XOM: scenery: 1 doors close
 13440 | Lair:1   | XOM: medium Fire miscast
 13451 | Lair:2   | XOM: medium Necr miscast
 13458 | Lair:2   | Reached skill level 10 in Fighting
 13525 | Lair:2   | XOM: divination: magic mapping
 13528 | Lair:2   | Got a bound brass ring
 13530 | Lair:2   | Identified the ring "Anaolom" {rElec Stlth+} (You found it on level 2 of the Lair of Beasts)
 13770 | Lair:2   | Found a hole to the Spider Nest.
 13770 | Lair:2   | XOM: medium Tmut miscast
 13805 | Lair:2   | Reached XP level 12. HP: 111/116 MP: 11/11
 13906 | Lair:2   | XOM is BORED!
 13906 | Lair:2   | XOM: noise
 13967 | Lair:3   | Noticed Fannar
 13967 | Lair:3   | XOM: cast spell 'Statue Form'
 13976 | Lair:3   | Killed Fannar
 13976 | Lair:3   | Reached skill level 10 in Armour
 14101 | Lair:3   | Found a frozen archway.
 14165 | IceCv    | Entered an ice cave
 14177 | IceCv    | XOM: god gift: leather armour {god gift}
 14387 | Lair:3   | XOM is BORED!
 14444 | Lair:3   | XOM: potion effect (curing)
 14446 | Lair:3   | XOM: snakes to sticks
 14456 | Lair:3   | XOM: cleaving
 14470 | Lair:3   | XOM: potion effect (invisibility)
 14775 | Lair:3   | Reached skill level 10 in Dodging
 14934 | Lair:3   | XOM: confusion (+ monsters)
 14945 | Lair:3   | XOM: harmless Erth miscast
 14946 | Lair:3   | XOM: scenery: create altars
 14949 | Lair:3   | XOM: polymorph elephant -> snapping turtle
 15003 | Lair:3   | XOM: chaos cloud
 15114 | Lair:2   | XOM: summons 1 hostile demon
 15205 | Lair:3   | XOM: noise
 15211 | Lair:2   | XOM: cleaving
 15306 | Lair:2   | XOM: severe Tmut miscast
 15336 | Lair:2   | XOM: give mutations
 15336 | Lair:2   | Gained mutation: You are partially covered in thin metallic scales. (AC +2) [Xom's mischief]
 15336 | Lair:2   | Lost mutation: You are weak. (Str -2) [Xom's mischief]
 15336 | Lair:2   | Gained mutation: You occasionally shout uncontrollably at your foes. [Xom's mischief]
 15459 | Lair:3   | Noticed an eight-headed hydra
 15461 | Lair:3   | XOM: polymorph snapping turtle -> slime creature
 15472 | Lair:3   | HP: 2/121 [seven-headed hydra (11)]
 15479 | Lair:2   | HP: 3/121 [seven-headed hydra (1)]
 15479 | Lair:2   | Slain by a seven-headed hydra

Skill      XL: |  1  2  3  4  5  6  7  8  9 10 11 12 |
---------------+-------------------------------------+-----
Axes           | 4 5 6 8 9 11 13 16 | 16.0
Fighting       | 4 7 10 11 | 11.2
Armour         | 3 6 9 10 | 10.9
Dodging        | 6 9 10 | 10.3

Action                   |  1- 3 |  4- 6 |  7- 9 | 10-12 || total
-------------------------+-------+-------+-------+-------++-------
Melee: Hand axe          |    81 |   163 |       |       ||   244
       Headbutt          |    14 |    22 |    57 |    91 ||   184
       Kick              |     3 |    37 |    74 |    47 ||   161
       War axe           |       |    65 |   356 |   524 ||   945
  Use: Scroll            |       |     9 |     6 |    11 ||    26
       Potion            |       |     4 |     1 |     8 ||    13
 Stab: Confused          |       |       |       |     1 ||     1
       Invisible         |       |       |       |     1 ||     1
  Eat: Chunk             |       |     4 |     4 |     5 ||    13
       Bread ration      |       |     2 |     1 |     5 ||     8
       Royal jelly       |       |       |     1 |       ||     1
Armor: Leather armour    |    26 |    89 |     3 |       ||   118
       Skin              |       |    23 |       |    29 ||    52
       Chain mail        |       |       |   197 |   323 ||   520
Dodge: Dodged            |    51 |   105 |   106 |   280 ||   542
